Map: King Sejong Station LE

Players

NightKnight - Winner!

  • Race: Zerg Zerg
  • League: Silver
  • Spawn Location: 11:00

Fropez

  • Race: Protoss Protoss
  • League: Silver
  • Spawn Location: 5:00

VOD

Have the link to the VOD?

Description

Time

  • Played on: June 2, 2016, 11:53 a.m.
  • Length: 13:56
Show
View Real Time Build Order
Export as new Build Order

NightKnight Zerg - Winner!

Build Orders: Pool First 

Get SALT Encoding   

  12  0:02  Drone  
  13  0:12  Overlord  
  13  0:17  Drone  
  14  0:31  Drone x2  
  14  0:35  Drone  
  17  0:47  Spawning Pool  
  17  0:49  Drone  
  17  0:56  Drone  
  18  1:08  Drone  
  19  1:18  Hatchery  
  19  1:21  Drone  
  19  1:25  Extractor  
  18  1:30  Overlord  
  18  1:37  Queen  
  20  1:41  Zergling x2  
  21  1:51  Drone  
  22  2:05  Drone  
  23  2:12  Extractor  
  23  2:13  Drone  
  23  2:30  Queen, Roach Warren  
  23  2:31  Drone  
  23  2:36  Drone x2  
  27  2:59  Drone x2  
  27  3:01  Overlord x2  
  28  3:08  Hatchery  
  28  3:12  Drone  
  28  3:13  Drone  
  28  3:19  Drone x2  
  31  3:25  Spore Crawler  
  30  3:27  Drone  
  30  3:30  Drone  
  32  3:34  Extractor  
  31  3:43  Lair  
  31  3:45  Drone  
  31  3:46  Drone  
  33  3:49  Drone  
  33  3:54  Drone x2  
  36  3:56  Drone  
  36  4:00  Drone  
  36  4:01  Drone  
  39  4:05  Drone  
  39  4:06  Drone  
  39  4:09  Drone  
  42  4:11  Drone  
  44  4:17  Drone x3  
  44  4:22  Overlord  
  46  4:25  Overlord  
  46  4:29  Overlord  
  46  4:40  Queen  
  46  4:41  Drone x2  
  50  4:46  Extractor  
  50  4:47  Roach x2  
  50  4:48  Roach  
  55  4:57  Queen  
  61  5:00  Roach x2  
  61  5:05  Glial Reconstitution  
  65  5:14  Roach x2  
  65  5:15  Roach x3  
  65  5:17  Roach x2  
  75  5:28  Roach x3  
  81  5:32  Evolution Chamber  
  81  5:33  Overlord  
  81  5:35  Overlord  
  80  5:37  Overlord  
  80  5:40  Drone  
  81  5:43  Overlord  
  81  5:55  Overlord x2  
  81  5:56  Overlord x2  
  81  6:03  Zerg Missile Weapons Level 1  
  81  6:08  Evolution Chamber  
  80  6:22  Roach x3  
  80  6:23  Roach  
  80  6:24  Roach x2  
  80  6:25  Roach x2  
  96  6:26  Roach  
  96  6:29  Roach  
  100  6:36  Drone  
  101  6:40  Zerg Ground Armor Level 1  
  101  6:45  Drone  
  101  6:46  Infestation Pit, Drone x2  
  103  7:05  Overlord x3  
  103  7:06  Overlord x2  
  103  7:07  Overlord  
  103  7:19  Hatchery  
  102  7:23  Drone  
  102  7:29  Hive  
  103  8:03  Roach  
  103  8:04  Roach x5  
  103  8:05  Roach x3  
  121  8:07  Drone, Roach x4  
  121  8:08  Roach x2  
  130  8:30  Spire  
  130  8:31  Drone  
  130  8:32  Drone  
  130  8:33  Drone  
  130  8:34  Drone x2  
  134  8:35  Drone x3  
  136  9:13  Drone x3  
  136  9:19  Drone  
  136  9:20  Drone x2  
  136  9:23  Extractor  
  135  9:53  Greater Spire  
  135  10:04  Hydralisk Den  
  135  10:05  Zerg Missile Weapons Level 2  
  135  10:06  Zerg Ground Armor Level 2  
  134  10:09  Corruptor x4  
  134  10:10  Corruptor x2  
  134  10:13  Corruptor x5  
  154  10:16  Corruptor x3  
  162  10:23  Drone x2  
  162  10:24  Drone  
  165  10:30  Drone x3  
  165  10:31  Extractor  
  167  10:49  Overseer  
  167  10:50  Overseer x2  
  167  10:55  Muscular Augments  
  167  11:00  Queen  
  167  11:01  Drone x2  
  171  11:11  Zerg Flyer Weapons Level 1  
  171  11:21  Brood Lord x5  
  171  11:22  Brood Lord x2  
  185  11:40  Overseer  
  185  11:44  Drone x3  
  181  12:32  Spore Crawler  
  169  13:01  Brood Lord x5  
  169  13:05  Hydralisk x4  
  171  13:06  Hydralisk x3  
  171  13:08  Hydralisk  
  171  13:09  Overlord x4  
  171  13:10  Overlord  
  156  13:30  Overseer x3  
Show
View Real Time Build Order
Export as new Build Order

Fropez Protoss 

Build Orders:  

Get SALT Encoding   

  12  0:01  Probe (Chrono Boost)  
  13  0:13  Pylon  
  13  0:18  Probe (Chrono Boost)  
  15  0:28  Probe (Chrono Boost)  
  15  0:37  Gateway  
  15  0:39  Probe (Chrono Boost)  
  16  0:52  Pylon, Probe (Chrono Boost)  
  16  0:57  Assimilator  
  17  1:02  Probe (Chrono Boost)  
  18  1:18  Probe (Chrono Boost)  
  19  1:21  Gateway  
  19  1:27  Cybernetics Core  
  19  1:29  Probe (Chrono Boost)  
  21  1:40  Probe (Chrono Boost)  
  21  1:47  Pylon  
  21  1:50  Probe (Chrono Boost)  
  21  1:51  Assimilator  
  22  2:00  Pylon  
  22  2:01  Probe (Chrono Boost)  
  23  2:11  Warp Gate (Chrono Boost)  
  23  2:14  Probe (Chrono Boost)  
  24  2:25  Probe (Chrono Boost)  
  24  2:26  Stalker (Chrono Boost)  
  27  2:34  Pylon  
  27  2:35  Probe (Chrono Boost)  
  28  2:47  Probe  
  29  2:59  Mothership Core  
  31  3:15  Gateway  
  31  3:17  Sentry  
  33  3:20  Probe  
  34  3:31  Gateway  
  34  3:32  Pylon  
  34  3:35  Probe  
  35  3:47  Probe  
  36  4:00  Probe  
  37  4:03  Nexus  
  37  4:05  Assimilator  
  37  4:09  Assimilator  
  37  4:12  Pylon, Probe  
  38  4:22  Pylon, Stalker x2  
  42  4:27  Sentry  
  42  4:28  Probe  
  45  4:40  Probe  
  45  4:43  Twilight Council  
  45  4:44  Gateway  
  46  4:49  Stalker x2  
  51  4:52  Probe  
  51  5:02  Gateway  
  51  5:05  Probe  
  52  5:09  Pylon  
  52  5:14  Probe  
  52  5:17  Probe  
  54  5:24  Probe  
  55  5:29  Probe  
  55  5:34  Blink (Chrono Boost)  
  55  5:35  Probe  
  57  6:08  Probe x2  
  59  6:12  Pylon  
  59  6:32  Pylon, Dark Shrine  
  59  6:37  Probe  
  60  7:02  Probe  
  60  7:03  Probe  
  62  7:10  Forge  
  62  7:12  Pylon, Stalker x4  
  62  7:13  Stalker x2  
  74  7:17  Pylon  
  74  7:21  Pylon  
  74  7:35  Probe x2  
  76  7:43  Gateway  
  76  7:45  Gateway  
  76  7:47  Gateway  
  76  7:51  Stalker x2  
  78  7:52  Dark Templar x2  
  78  7:53  Dark Templar  
  86  8:01  Photon Cannon x2  
  86  8:02  Pylon  
  86  8:05  Pylon  
  86  8:11  Photon Cannon  
  86  8:22  Protoss Ground Weapons Level 1 (Chrono Boost)  
  86  8:23  Probe  
  86  8:24  Probe  
  88  8:57  Pylon  
  88  9:07  Pylon  
  86  9:28  Dark Templar  
  86  9:29  Assimilator, Dark Templar x6  
  92  9:32  Assimilator  
  92  9:51  Probe x2  
  94  9:54  Nexus  
  94  9:57  Pylon  
  94  10:06  Stalker x2  
  94  10:07  Stalker x4  
  100  10:08  Stalker  
  108  10:23  Protoss Ground Weapons Level 2 (Chrono Boost)  
  108  10:25  Pylon  
  108  11:22  Dark Templar x5  
  108  11:23  Dark Templar x2  
  122  11:52  Probe  
  122  11:53  Probe  
  124  12:08  Dark Templar  
  124  12:09  Dark Templar x6  
  116  12:38  Gateway  
  116  12:40  Gateway  
  116  12:42  Gateway  
  101  12:46  Stalker x2  
  101  12:47  Stalker, Dark Templar x3  
  101  12:49  Stalker  
  82  13:14  Stalker x3  
Tags
 
Add a new tag
Caveats
  • Supply blocks, unpowered buildings, or Contaminate may cause inaccurate times.
  • Supply counts are checked every 10 seconds.